 Dungeon Crawl Stone Soup version 0.20.0-15-g7f486f2 (webtiles) character file.

408 anfisbena the Poker (level 6, -18/44 HPs)
             Began as a Merfolk Skald on June 15, 2017.
             Demolished by an ogre
             ... wielding a +0 giant club
              (26 damage)
             ... on level 4 of the Dungeon.
             The game lasted 00:05:30 (5652 turns).

anfisbena the Poker (Merfolk Skald)                 Turns: 5652, Time: 00:05:31

Health: -18/44     AC:  4    Str: 12    XL:     6   Next: 88%
Magic:  8/9        EV: 11    Int: 14    God:
Gold:   166        SH:  0    Dex: 13    Spells: 3/9 levels left

rFire    . . .     SeeInvis .   j - +0 trident
rCold    . . .     Gourm    .   (no shield)
rNeg     . . .     Faith    .   b - +0 leather armour
rPois    +         Spirit   .   u - +0 helmet
rElec    .         Reflect  .   (no cloak)
rCorr    .         Harm     .   (no gloves)
MR       .....                  (no boots)
Stlth    +.........             (no amulet)
Regen    0.2/turn               g - ring of poison resistance
MPRegen  0.2/turn               (no ring)

@: infused, heavily drained
A: change form in water, swift swim, stealthy swim
a: no special abilities


You were on level 4 of the Dungeon.
You were not hungry.

You visited 1 branch of the dungeon, and saw 5 of its levels.

You collected 166 gold pieces.

Inventory:

Hand Weapons
 j - a +0 trident (weapon)
Armour
 b - a +0 leather armour (worn)
 u - a +0 helmet (worn)
Jewellery
 g - a ring of poison resistance (left hand)
Wands
 t - a wand of random effects (25/48)
Scrolls
 e - 4 scrolls of remove curse {unknown}
 f - 5 scrolls of identify {unknown}
 k - a scroll of random uselessness {unknown}
 l - a scroll of enchant weapon {unknown}
 n - 2 scrolls of immolation {unknown}
 s - a scroll of magic mapping {unknown}
Potions
 a - a potion of curing
 h - 2 potions of heal wounds {unknown}
 m - 2 potions of cancellation {unknown}
 o - a potion of might {unknown}
 r - 2 potions of haste {unknown}
Books
 c - a book of Battle

   Spells                             Type                      Level
   a - Infusion                       Charms                       1
   b - Shroud of Golubria             Charms/Translocation         2
   c - Song of Slaying                Charms                       2
   d - Spectral Weapon                Hexes/Charms                 3
   e - Regeneration                   Charms/Necromancy            3
 p - a book of Cantrips

   Spells                             Type                      Level
   a - Confusing Touch                Hexes                        1
   b - Animate Skeleton               Necromancy                   1
   c - Summon Small Mammal            Summoning                    1
   d - Apportation                    Translocation                1
Comestibles
 d - 2 bread rations
 i - 4 fruits
 q - 4 chunks of flesh
 v - 2 meat rations


   Skills:
 - Level 2.1(1.1) Fighting
 - Level 6.0(4.8) Polearms
 - Level 0.6(0.0) Armour
 - Level 2.6(1.5) Dodging
 - Level 2.0(0.9) Spellcasting
 * Level 3.4(2.2) Hexes
 + Level 4.9(3.7) Charms
 - Level 2.0(0.9) Translocations


You had 3 spell levels left.
You knew the following spells:

 Your Spells              Type           Power        Failure   Level  Hunger
a - Infusion              Chrm           ##..         7%          1    ##.....
b - Shroud of Golubria    Chrm/Tloc      #.........   19%         2    ###....
c - Spectral Weapon       Hex/Chrm       #.......     30%         3    ####...


Dungeon Overview and Level Annotations

Branches:
Dungeon (5/15)
 Temple: D:4-7

Altars:
Nemelex Xobeh


Message History

Confirm with . or Enter, or press ? or * to list all spells.
You miscast Shroud of Golubria.
You are very lightly contaminated with residual magic.
The world appears momentarily distorted!
The ogre hits you with a giant club!!
Ouch! That really hurt!
* * * LOW HITPOINT WARNING * * *
You climb upwards.
There is a stone staircase leading down here.
You see here a leather armour.
Your magical contamination has completely faded away.
Okay, then.
Casting: Shroud of Golubria
Confirm with . or Enter, or press ? or * to list all spells.
You begin infusing your attacks with magical energy.
The ogre hits you with a giant club!
* * * LOW HITPOINT WARNING * * *
The ogre hits you with a giant club!!
Ouch! That really hurt!
You die...

#......#.# #.......##.
#......#.# ##########.
#####.##.#.##################
#............................
#.###.###..............######
#.# #..................# #.#
####.........####### #.#
#.....##### #.# #...#@# #.#
#...#O# #.# #...#.#
#####.######...#.#
<..............#.#
######.####....#.#
#.####....#.################
#...........................
######..#.########.#########


You could see an ogre.

Vanquished Creatures
  A phantom (D:4)
  A hound (D:4)
  An orc priest (D:4)
  2 orc wizards
  A worker ant (D:4)
  A gnoll (D:4)
  8 adders
  2 worms
  2 dart slugs
  4 leopard geckos
  5 orcs
  3 giant cockroaches
  12 goblins
  8 hobgoblins
  4 jackals (D:1)
  9 kobolds
  3 quokkas
  A ball python (D:2)
  8 bats
  6 frilled lizards
  A jackal skeleton (D:4)
  A quokka skeleton (D:4)
  5 rats (D:1)
89 creatures vanquished.

Notes
Turn   | Place    | Note
-------+----------+-------------------------------------------
     0 | D:1      | anfisbena the Merfolk Skald began the quest for the Orb.
     0 | D:1      | Reached XP level 1. HP: 16/16 MP: 3/3
   111 | D:1      | Reached XP level 2. HP: 22/22 MP: 5/5
   359 | D:1      | Learned a level 2 spell: Shroud of Golubria
   904 | D:1      | Reached XP level 3. HP: 27/27 MP: 6/6
  1470 | D:1      | Reached skill level 1 in Translocations
  1532 | D:2      | Reached XP level 4. HP: 27/33 MP: 3/7
  2106 | D:2      | Learned a level 3 spell: Spectral Weapon
  2923 | D:3      | Reached XP level 5. HP: 35/38 MP: 8/8
  3009 | D:3      | Reached skill level 1 in Hexes
  3826 | D:4      | Reached skill level 4 in Polearms
  4464 | D:4      | Reached skill level 5 in Polearms
  4464 | D:4      | Reached XP level 6. HP: 19/44 MP: 5/9
  5169 | D:4      | Noticed a phantom
  5194 | D:4      | Killed a phantom
  5194 | D:4      | Reached skill level 6 in Polearms
  5550 | D:4      | Found a sparkling altar of Nemelex Xobeh.
  5607 | D:5      | Entered Level 5 of the Dungeon
  5607 | D:5      | Noticed a sky beast
  5652 | D:4      | Demolished by an ogre

Skill      XL: |  1  2  3  4  5  6 |
---------------+-------------------+-----
Charms         | 4 |  4.9
Translocations | 1 2 |  2.0
Hexes          | 2 3 |  3.4
Polearms       | 5 6 |  6.0
Fighting       | |  2.1
Armour         | |  0.6
Dodging        | |  2.6
Spellcasting   | |  2.0

Action                   |  1- 3 |  4- 6 || total
-------------------------+-------+-------++-------
Melee: Spear             |   129 |    45 ||   174
       Trident           |       |   229 ||   229
 Cast: Infusion          |     4 |    14 ||    18
       Shroud of Golubri |       |     2 ||     2
 Stab: Sleeping          |       |     2 ||     2
  Eat: Chunk             |     2 |    14 ||    16
Armor: Leather armour    |    32 |    53 ||    85
Dodge: Dodged            |    67 |   156 ||   223
